Map: Newkirk Precinct TE (Void)

Players

Dark

  • Race: Zerg Zerg
  • Spawn Location: 7:00

Stats - Winner!

  • Race: Protoss Protoss
  • Spawn Location: 5:00

Event: IEM XI Katowice - World Championship 2017

VOD

Have the link to the VOD?

Description

Time

  • Played on: March 5, 2017, 7:53 a.m.
  • Length: 34:24

All games in this series

Show
View Real Time Build Order
Export as new Build Order

Dark Zerg 

Build Orders: Pool First 

Get SALT Encoding   

  12  0:00  Drone  
  13  0:13  Overlord  
  13  0:18  Drone  
  14  0:32  Drone x2  
  16  0:37  Drone  
  17  0:46  Extractor  
  17  0:47  Drone  
  17  0:51  Spawning Pool  
  17  0:56  Drone  
  17  1:10  Drone  
  18  1:23  Drone  
  19  1:38  Hatchery  
  18  1:40  Zergling x2, Queen  
  18  1:43  Drone  
  22  1:50  Metabolic Boost  
  22  1:57  Overlord  
  22  2:16  Queen  
  22  2:17  Drone x2  
  26  2:23  Drone  
  27  2:44  Hatchery  
  26  2:48  Drone x2  
  26  2:50  Drone  
  26  2:51  Drone  
  29  2:57  Drone  
  29  2:58  Overlord  
  30  3:06  Zergling x4  
  30  3:11  Drone  
  33  3:17  Queen  
  35  3:22  Overlord  
  35  3:24  Drone x2  
  38  3:27  Drone  
  38  3:28  Drone  
  38  3:30  Drone  
  38  3:32  Drone  
  41  3:38  Lair  
  41  3:42  Drone  
  41  3:44  Drone  
  43  3:49  Roach Warren  
  43  3:52  Drone  
  43  3:58  Drone x3  
  43  3:59  Drone  
  43  4:01  Extractor  
  46  4:07  Drone x3  
  46  4:09  Overlord  
  49  4:11  Overlord  
  49  4:20  Extractor  
  49  4:22  Overlord  
  48  4:32  Roach x6  
  48  4:36  Overseer  
  60  4:42  Drone x5  
  60  4:44  Glial Reconstitution  
  65  4:48  Drone x2  
  67  4:56  Drone  
  67  4:57  Drone x2  
  68  5:03  Overseer  
  68  5:04  Overlord  
  68  5:05  Overlord  
  68  5:06  Drone x3  
  71  5:10  Evolution Chamber  
  71  5:11  Drone  
  71  5:23  Overlord  
  71  5:25  Roach  
  71  5:26  Roach x3  
  78  5:31  Overlord  
  78  5:34  Overlord  
  78  5:35  Overlord  
  78  5:40  Zerg Missile Weapons Level 1, Drone x3  
  78  5:41  Extractor  
  80  5:43  Overlord  
  80  5:45  Drone x2  
  80  5:46  Drone  
  80  5:49  Overlord  
  83  5:53  Queen  
  89  6:04  Roach x5  
  95  6:14  Roach x2  
  95  6:15  Roach  
  100  6:21  Drone  
  100  6:22  Drone x3  
  100  6:23  Roach  
  100  6:24  Overlord, Roach  
  107  6:26  Drone  
  107  6:28  Extractor  
  107  6:29  Ravager  
  107  6:30  Ravager x3  
  111  6:40  Roach x6  
  111  6:41  Roach  
  125  6:50  Roach x2  
  125  6:52  Overlord  
  129  6:56  Hatchery  
  128  7:05  Overlord  
  128  7:10  Ravager x2  
  128  7:12  Zergling x16  
  128  7:14  Overlord  
  138  7:18  Zergling x2, Baneling Nest  
  138  7:20  Overlord  
  138  7:22  Overlord  
  138  7:25  Zergling x8  
  138  7:26  Zergling x4, Ravager x2  
  138  7:39  Drone  
  138  7:40  Drone x5  
  138  7:43  Extractor  
  144  7:44  Drone x3  
  146  7:52  Zerg Melee Weapons Level 1  
  146  7:55  Hatchery  
  145  8:02  Drone x2  
  145  8:03  Drone x3  
  148  8:19  Zergling x24  
  155  8:24  Centrifical Hooks  
  155  8:27  Zergling x2  
  155  8:28  Zergling x8  
  155  8:30  Ravager x7  
  155  8:32  Overlord  
  167  8:34  Overlord  
  167  8:40  Overlord  
  167  8:52  Drone x8  
  175  9:01  Drone  
  176  9:03  Zergling x2  
  176  9:04  Zergling x4, Evolution Chamber  
  176  9:08  Drone x2  
  180  9:11  Zergling x6  
  180  9:14  Baneling x22  
  180  9:15  Baneling  
  180  9:16  Baneling x5  
  180  9:17  Baneling x8  
  183  9:27  Zergling x16  
  190  9:38  Zergling x14  
  191  9:42  Overlord  
  197  9:48  Baneling x16  
  190  10:01  Zergling x2  
  190  10:02  Zergling x8  
  190  10:03  Zergling x10  
  190  10:04  Zergling x14  
  190  10:05  Zergling x4  
  190  10:06  Zergling x6  
  191  10:13  Zergling x10  
  173  10:20  Zergling x2  
  173  10:21  Zergling x6  
  144  10:35  Zergling x20  
  143  10:36  Zergling x2  
  143  10:42  Zergling x10  
  155  10:45  Ravager  
  155  10:48  Overseer  
  155  10:49  Baneling x6  
  156  10:52  Zerg Melee Weapons Level 2, Zergling x2, Hatchery  
  156  10:54  Baneling x15  
  156  10:55  Baneling  
  156  10:59  Baneling x3  
  156  11:02  Zergling x14  
  158  11:13  Baneling x10  
  158  11:14  Baneling x4  
  158  11:18  Zergling x10  
  157  11:29  Zergling x4  
  157  11:32  Zergling x14  
  157  11:35  Zergling x12  
  140  11:42  Zergling x2  
  140  11:43  Zergling x8  
  135  11:47  Zergling x2  
  122  11:58  Zergling x4, Baneling x9  
  122  11:59  Zergling x10  
  125  12:01  Zergling x2  
  125  12:02  Zergling x4  
  125  12:07  Zergling x4  
  125  12:08  Baneling x4  
  123  12:10  Overseer  
  123  12:11  Drone x3  
  123  12:13  Drone  
  125  12:16  Drone  
  125  12:20  Zerg Ground Armor Level 1  
  125  12:22  Infestation Pit  
  125  12:24  Drone x3  
  125  12:25  Drone x2  
  125  12:26  Drone x3  
  125  12:29  Overseer  
  133  12:30  Drone x2  
  135  12:38  Zergling x4  
  135  12:39  Zergling x4  
  135  12:40  Queen, Baneling x3  
  135  12:43  Baneling x3  
  141  12:48  Zergling x16  
  149  12:53  Zergling x4  
  149  12:54  Zergling x2  
  152  12:59  Hive  
  152  13:01  Spore Crawler, Zergling x2  
  152  13:02  Zergling x6  
  154  13:07  Zergling x8  
  156  13:16  Drone x3  
  156  13:19  Queen  
  154  13:20  Queen  
  154  13:24  Zergling x2  
  154  13:25  Zergling x18  
  154  13:27  Queen  
  168  13:28  Baneling x2  
  168  13:29  Drone  
  168  13:32  Spine Crawler  
  170  13:37  Spore Crawler, Zergling x10  
  174  13:42  Baneling x2  
  174  13:43  Baneling x2  
  174  13:45  Spire  
  174  13:47  Zergling x12  
  178  14:00  Baneling  
  178  14:01  Baneling x11  
  178  14:02  Drone x3  
  177  14:03  Extractor, Drone x3  
  177  14:04  Overlord, Extractor, Drone  
  177  14:05  Drone  
  177  14:06  Baneling x10  
  177  14:07  Baneling x5  
  179  14:11  Adrenal Glands  
  179  14:15  Extractor  
  179  14:16  Zerg Melee Weapons Level 3  
  169  14:20  Baneling x6  
  166  14:36  Baneling x3  
  165  14:39  Zergling x6  
  165  14:40  Zergling x2  
  165  14:43  Zergling x2  
  165  14:44  Baneling x6  
  168  14:49  Drone x3  
  168  14:50  Drone x2  
  168  14:51  Extractor  
  168  14:52  Pneumatized Carapace  
  169  14:53  Zergling x2  
  169  14:54  Zergling x14  
  169  14:58  Zerg Ground Armor Level 2  
  177  15:01  Zergling x12  
  177  15:04  Zergling x8  
  185  15:10  Drone  
  185  15:11  Zergling x2  
  185  15:12  Zergling x4  
  188  15:17  Spine Crawler x2  
  185  15:25  Greater Spire  
  184  15:28  Zergling x4  
  184  15:29  Zergling x6  
  184  15:30  Hatchery  
  184  15:35  Zergling x16  
  196  15:36  Overlord  
  194  15:53  Overlord x2  
  194  15:54  Overlord  
  193  16:00  Overlord  
  191  16:05  Burrow  
  191  16:06  Overlord x4  
  191  16:09  Baneling x3  
  191  16:10  Baneling x4  
  190  16:11  Baneling x4  
  182  16:21  Drone x3  
  182  16:22  Drone x2  
  182  16:25  Corruptor x6  
  182  16:26  Corruptor, Ultralisk Cavern  
  182  16:30  Corruptor  
  182  16:31  Corruptor  
  197  16:46  Zerg Flyer Weapons Level 1  
  196  16:48  Spire  
  189  17:02  Drone x4  
  189  17:04  Spore Crawler, Extractor  
  189  17:05  Corruptor x2, Extractor  
  189  17:06  Brood Lord, Overseer  
  189  17:07  Brood Lord, Overseer  
  189  17:08  Brood Lord  
  196  17:16  Chitinous Plating  
  192  17:32  Brood Lord x3  
  192  17:35  Corruptor x2  
  195  17:41  Corruptor  
  195  17:42  Corruptor  
  199  17:47  Spine Crawler  
  199  17:48  Spine Crawler  
  199  17:51  Spine Crawler  
  196  17:53  Hatchery  
  195  17:58  Corruptor x2  
  191  18:06  Corruptor x2, Baneling x5  
  185  18:20  Corruptor x4  
  185  18:23  Baneling x2  
  168  18:40  Zergling x8  
  168  18:41  Zergling x22  
  159  18:48  Hatchery  
  159  18:50  Ultralisk  
  164  19:01  Ultralisk x2  
  170  19:17  Corruptor x2  
  170  19:18  Corruptor  
  172  19:24  Zergling x4  
  174  19:35  Zerg Flyer Weapons Level 2  
  174  19:36  Zerg Flyer Armor Level 1  
  174  19:42  Ultralisk  
  174  19:44  Zergling x4  
  180  19:46  Zergling x4  
  180  19:47  Zergling x4  
  180  19:48  Zergling x4  
  180  19:49  Zergling x2  
  180  19:50  Zergling x2  
  186  19:58  Baneling x7  
  185  20:00  Spore Crawler  
  185  20:04  Zergling x6  
  185  20:05  Zergling x8  
  191  20:08  Zergling x4  
  191  20:11  Baneling  
  191  20:12  Baneling x11  
  188  20:23  Spine Crawler, Overseer x2  
  188  20:24  Spine Crawler  
  188  20:27  Zergling x8  
  188  20:28  Zergling x14  
  197  20:35  Brood Lord x2  
  199  20:56  Zergling x4  
  194  21:00  Baneling x2  
  194  21:01  Baneling x5  
  194  21:02  Ultralisk  
  194  21:03  Zergling x10  
  197  21:17  Baneling x6  
  197  21:18  Zergling x2, Baneling x5  
  197  21:19  Zergling x2  
  161  21:34  Zergling x30  
  161  21:36  Zergling x6  
  161  21:38  Zergling x10  
  161  21:39  Zergling x4  
  167  21:48  Zergling x16  
  167  21:53  Zergling x4  
  172  21:55  Brood Lord x3  
  172  21:56  Brood Lord x3  
  181  22:04  Overseer  
  181  22:10  Brood Lord x2  
  184  22:21  Zergling x16  
  176  22:23  Queen x2  
  180  22:33  Spore Crawler  
  180  22:35  Baneling  
  180  22:36  Baneling  
  179  22:37  Extractor  
  179  22:38  Corruptor  
  179  22:39  Corruptor x2  
  179  22:41  Extractor  
  183  22:46  Infestor x2  
  183  22:51  Overseer  
  185  23:04  Spore Crawler  
  185  23:05  Spore Crawler  
  181  23:06  Corruptor x4  
  181  23:11  Zergling x10  
  181  23:12  Zergling x12  
  200  23:21  Baneling x2  
  200  23:22  Baneling  
  197  23:31  Baneling x8  
  197  23:35  Zergling x4  
  196  23:50  Zergling x2  
  196  23:51  Zergling x12  
  194  24:06  Zergling x28  
  194  24:08  Overseer x2  
  196  24:10  Zergling x4  
  197  24:18  Baneling x10  
  187  24:30  Zerg Missile Weapons Level 2  
  185  24:31  Zergling x10  
  185  24:32  Zergling x12  
  185  24:34  Zergling x6  
  196  24:42  Zerg Flyer Armor Level 2  
  196  24:43  Zerg Flyer Weapons Level 3  
  175  24:54  Ultralisk  
  175  24:56  Zergling x6  
  175  24:59  Viper x2  
  188  25:03  Zergling x6  
  188  25:04  Zergling x2  
  192  25:09  Spore Crawler  
  192  25:10  Spore Crawler  
  190  25:22  Baneling x3  
  190  25:23  Baneling  
  190  25:30  Zergling x10  
  190  25:31  Zergling x10  
  200  25:39  Baneling  
  191  26:04  Corruptor x4  
  195  26:28  Corruptor x2  
  193  26:36  Overseer x3  
  193  26:37  Overseer  
  193  26:38  Corruptor x3  
  191  26:57  Corruptor x7  
  191  26:58  Corruptor  
  195  27:04  Corruptor  
  195  27:05  Corruptor  
  199  27:29  Corruptor x3  
  178  27:55  Ultralisk x2  
  178  27:57  Corruptor x3  
  196  28:17  Corruptor x2  
  174  28:54  Zergling x16  
  177  29:13  Infestor x3  
  181  29:27  Hatchery  
  181  29:30  Viper x2  
  186  29:44  Drone x13  
  184  30:23  Overlord x2  
  184  30:31  Overlord x3  
  183  30:41  Drone x11  
  180  30:50  Infestor x2  
  180  30:51  Infestor  
  186  31:18  Infestation Pit  
  185  31:31  Drone x11  
  185  31:48  Extractor  
  185  31:50  Extractor  
  183  32:07  Spawning Pool, Overlord x2  
  185  33:01  Infestor x3  
  185  33:03  Lair  
  98  34:07  Zergling x6  
Show
View Real Time Build Order
Export as new Build Order

Stats Protoss - Winner!

Build Orders: 1 Gate Expand, Zealot Archon, Dark Templar Rush 

Get SALT Encoding   

  12  0:00  Probe (Chrono Boost)  
  13  0:11  Probe (Chrono Boost)  
  14  0:18  Pylon  
  14  0:22  Probe (Chrono Boost)  
  15  0:36  Probe (Chrono Boost)  
  15  0:40  Gateway  
  16  0:46  Probe (Chrono Boost)  
  16  0:49  Assimilator  
  18  0:57  Probe (Chrono Boost)  
  18  1:07  Probe (Chrono Boost)  
  18  1:08  Pylon  
  19  1:18  Probe (Chrono Boost)  
  20  1:27  Nexus  
  20  1:38  Cybernetics Core  
  20  1:40  Probe (Chrono Boost)  
  21  1:47  Assimilator  
  21  1:51  Probe (Chrono Boost)  
  22  1:55  Pylon  
  23  2:01  Probe (Chrono Boost)  
  23  2:11  Adept  
  23  2:14  Warp Gate  
  23  2:15  Probe (Chrono Boost)  
  26  2:27  Probe (Chrono Boost)  
  26  2:29  Twilight Council  
  27  2:34  Stalker  
  27  2:39  Probe (Chrono Boost)  
  27  2:41  Probe (Chrono Boost)  
  33  2:51  Probe x2 (Chrono Boost)  
  33  2:58  Robotics Facility  
  33  3:03  Probe x2 (Chrono Boost)  
  35  3:13  Probe (Chrono Boost)  
  35  3:14  Probe (Chrono Boost)  
  35  3:17  Dark Shrine  
  37  3:20  Pylon  
  37  3:24  Probe (Chrono Boost)  
  37  3:25  Probe (Chrono Boost)  
  39  3:31  Gateway  
  39  3:35  Probe (Chrono Boost)  
  39  3:38  Mothership Core (Chrono Boost)  
  42  3:41  Warp Prism  
  45  3:50  Probe (Chrono Boost)  
  45  3:54  Assimilator  
  45  3:57  Assimilator, Probe (Chrono Boost)  
  45  4:02  Probe (Chrono Boost)  
  47  4:09  Probe (Chrono Boost)  
  48  4:10  Pylon  
  48  4:12  Gateway  
  48  4:13  Gateway  
  49  4:17  Probe (Chrono Boost)  
  49  4:20  Observer  
  49  4:21  Probe (Chrono Boost)  
  51  4:28  Probe (Chrono Boost)  
  51  4:31  Dark Templar  
  54  4:32  Dark Templar  
  54  4:33  Probe (Chrono Boost)  
  57  4:39  Probe (Chrono Boost)  
  57  4:40  Immortal  
  57  4:42  Pylon  
  62  4:49  Pylon  
  62  5:01  Pylon  
  62  5:05  Dark Templar x2, Archon  
  62  5:07  Probe (Chrono Boost)  
  68  5:08  Probe (Chrono Boost)  
  68  5:09  Archon  
  68  5:14  Immortal  
  72  5:33  Nexus  
  72  5:36  Pylon  
  72  5:39  Sentry x3, Forge  
  72  5:42  Probe (Chrono Boost)  
  80  5:43  Probe (Chrono Boost)  
  80  5:48  Immortal  
  80  5:54  Pylon  
  80  5:56  Probe (Chrono Boost)  
  86  5:57  Probe (Chrono Boost)  
  86  5:58  Sentry  
  88  6:07  Probe (Chrono Boost)  
  88  6:08  Probe (Chrono Boost)  
  90  6:11  Zealot  
  90  6:14  Protoss Ground Weapons Level 1  
  92  6:23  Immortal  
  92  6:25  Stalker x3  
  102  6:36  Pylon  
  102  6:37  Pylon  
  102  6:45  Probe (Chrono Boost)  
  102  6:47  Probe x2 (Chrono Boost)  
  105  6:53  Stalker x3  
  111  6:56  Stalker  
  111  6:59  Probe x2 (Chrono Boost)  
  115  7:03  Probe (Chrono Boost), Immortal  
  120  7:11  Probe x2 (Chrono Boost)  
  122  7:16  Robotics Facility  
  122  7:17  Charge  
  122  7:18  Pylon  
  125  7:22  Probe (Chrono Boost)  
  125  7:23  Probe (Chrono Boost)  
  125  7:24  Probe (Chrono Boost)  
  125  7:39  Zealot x2  
  125  7:40  Zealot x2  
  125  7:41  Observer  
  133  7:44  Gateway  
  133  7:45  Gateway  
  133  7:47  Gateway  
  133  7:48  Pylon  
  133  7:51  Assimilator  
  133  7:55  Probe x3 (Chrono Boost)  
  133  7:56  Assimilator  
  136  7:59  Pylon  
  136  8:00  Pylon  
  136  8:05  Zealot x2  
  140  8:07  Zealot x2  
  144  8:14  Immortal  
  144  8:20  Immortal  
  144  8:26  Photon Cannon  
  144  8:29  Zealot x4  
  152  8:34  Templar Archives  
  152  8:44  Pylon  
  152  8:45  Pylon  
  152  8:50  Nexus  
  152  8:53  Immortal  
  152  8:54  Pylon  
  152  9:02  Immortal  
  156  9:08  Psionic Storm  
  160  9:14  High Templar x2  
  160  9:15  Zealot x3, High Templar x2  
  174  9:50  High Templar  
  174  9:51  High Templar, Stalker x5  
  188  9:55  Archon  
  158  10:13  Immortal  
  138  10:14  Archon x2  
  138  10:15  Zealot x5  
  138  10:18  Immortal  
  140  10:26  Probe x4 (Chrono Boost)  
  130  10:31  High Templar x2  
  118  10:39  High Templar  
  118  10:40  Zealot x4  
  126  10:43  Gateway  
  126  10:44  Probe (Chrono Boost), Gateway  
  126  10:45  Probe x2 (Chrono Boost)  
  126  10:46  Probe (Chrono Boost)  
  130  10:51  Assimilator x2, Immortal  
  130  10:55  Pylon  
  134  10:57  Immortal  
  138  11:07  High Templar x2  
  138  11:08  Zealot x2  
  138  11:09  Zealot x2  
  150  11:25  Immortal  
  150  11:32  Zealot x2  
  150  11:33  Zealot x2  
  150  11:35  Archon  
  150  11:36  Immortal  
  150  11:38  Archon  
  142  11:41  Zealot x3  
  142  11:44  Probe (Chrono Boost)  
  142  11:45  Probe x3 (Chrono Boost)  
  131  11:53  High Templar  
  131  11:54  High Templar  
  127  11:58  Probe x3 (Chrono Boost)  
  127  11:59  Immortal  
  126  12:07  Zealot x2, High Templar  
  128  12:12  Zealot, High Templar, Photon Cannon  
  128  12:13  Photon Cannon  
  128  12:15  Immortal  
  130  12:27  Gateway  
  130  12:29  Gateway  
  130  12:31  Pylon, Photon Cannon  
  130  12:33  Immortal  
  130  12:34  Protoss Ground Weapons Level 2  
  130  12:35  High Templar x2  
  130  12:36  Zealot  
  136  12:39  Archon  
  140  12:49  Immortal  
  140  12:56  Zealot x3  
  140  12:57  Zealot x2  
  154  13:07  Pylon  
  154  13:12  High Templar x2  
  156  13:13  Photon Cannon x2  
  156  13:15  Pylon  
  152  13:28  Stargate  
  152  13:29  Protoss Air Weapons Level 1  
  152  13:30  Blink, Observer x2  
  154  13:39  Zealot x3, High Templar x2  
  154  13:40  Zealot x2, Archon  
  168  13:43  Archon  
  168  13:54  Nexus  
  166  13:55  Pylon  
  166  14:06  High Templar x2  
  166  14:07  Dark Templar x2  
  166  14:08  Zealot x3  
  180  14:12  Archon  
  180  14:13  Archon  
  180  14:14  Zealot x2  
  174  14:42  Stargate x2  
  174  14:43  Fleet Beacon  
  174  14:45  Photon Cannon  
  174  14:46  Photon Cannon  
  174  14:48  Zealot x5, Photon Cannon  
  174  14:49  Photon Cannon  
  170  14:52  Protoss Ground Weapons Level 3  
  170  15:11  Assimilator  
  170  15:12  Assimilator  
  165  15:14  Oracle, Probe (Chrono Boost)  
  165  15:15  Probe (Chrono Boost)  
  165  15:16  Probe x3 (Chrono Boost)  
  170  15:26  Observer x2, Tempest  
  177  15:32  Protoss Air Weapons Level 2  
  177  15:37  Tempest  
  183  16:02  Pylon  
  183  16:03  Zealot  
  183  16:04  Zealot x3  
  185  16:05  Photon Cannon  
  183  16:14  Tempest  
  183  16:18  Nexus  
  183  16:20  Pylon  
  195  16:34  Photon Cannon  
  195  16:36  Photon Cannon  
  195  16:42  Zealot x3  
  195  16:43  Tempest  
  197  16:55  Tempest  
  193  17:30  Protoss Shields Level 1  
  193  17:39  Assimilator, Photon Cannon  
  193  17:40  Photon Cannon x2  
  193  17:41  Photon Cannon  
  193  17:42  Photon Cannon  
  193  17:43  Pylon  
  193  17:47  Assimilator  
  197  17:59  Zealot  
  195  18:07  Zealot x3  
  195  18:09  Zealot x2  
  199  18:17  Zealot x2  
  167  18:39  Archon  
  167  18:40  Archon  
  134  18:45  Zealot x4  
  134  18:46  Zealot x3  
  144  18:55  Pylon  
  144  18:56  Pylon  
  144  18:57  Gateway  
  144  19:00  Gateway  
  144  19:01  Gateway  
  144  19:04  Gateway  
  144  19:15  Stalker x7  
  158  19:21  Templar Archives  
  158  19:26  Warp Prism  
  157  19:44  Stalker  
  157  19:45  Stalker x8  
  175  20:04  Stargate x2  
  175  20:07  Stargate  
  175  20:09  Stargate  
  175  20:11  High Templar  
  175  20:12  High Templar x5  
  187  20:14  Zealot x6  
  187  20:19  Nexus  
  187  20:20  Pylon  
  181  20:47  Immortal  
  185  20:59  Void Ray x4  
  185  21:01  Fleet Beacon  
  193  21:04  High Templar x2  
  193  21:05  Photon Cannon x2  
  193  21:07  Photon Cannon  
  193  21:08  Photon Cannon  
  193  21:10  Photon Cannon  
  197  21:11  Photon Cannon  
  197  21:12  Pylon  
  166  21:33  Archon  
  166  21:34  Archon  
  166  21:35  Stalker x7  
  166  21:36  Stalker x2  
  166  21:37  Stalker x2  
  156  22:00  High Templar  
  156  22:01  High Templar x5, Tempest  
  158  22:02  High Templar x2, Tempest  
  174  22:11  Archon x2  
  172  22:16  Zealot x4  
  180  22:29  Tempest x2  
  180  22:31  Observer  
  193  22:41  Assimilator  
  193  22:43  Pylon  
  193  22:45  Assimilator  
  193  22:50  Robotics Facility  
  193  22:52  Immortal  
  193  22:53  Oracle  
  200  23:19  Photon Cannon  
  200  23:24  Dark Shrine, Photon Cannon  
  200  23:25  Photon Cannon, Tempest  
  200  23:26  Photon Cannon  
  189  23:29  Photon Cannon  
  195  23:39  Mothership Core (Chrono Boost)  
  197  23:42  Dark Templar  
  197  23:56  Dark Templar  
  197  23:58  Zealot x3  
  197  24:01  Zealot  
  170  24:32  Photon Cannon  
  170  24:34  Photon Cannon  
  170  24:35  Photon Cannon  
  170  24:37  Photon Cannon  
  166  24:43  Archon  
  153  24:55  Probe (Chrono Boost)  
  153  24:56  Probe x4 (Chrono Boost)  
  158  25:01  Void Ray x2  
  158  25:02  Void Ray  
  158  25:03  Void Ray  
  158  25:06  Probe (Chrono Boost)  
  162  25:08  Probe x3 (Chrono Boost)  
  162  25:09  Probe (Chrono Boost)  
  162  25:14  High Templar x2  
  183  25:16  Photon Cannon  
  183  25:17  Photon Cannon  
  183  25:20  Protoss Air Weapons Level 3  
  183  25:21  Pylon  
  183  25:34  Nexus  
  183  25:52  Void Ray  
  183  25:58  Void Ray  
  190  26:22  Observer  
  190  26:23  Observer  
  192  26:38  Nexus  
  192  26:40  Pylon  
  192  26:44  Pylon  
  192  27:00  High Templar x2  
  196  27:05  High Templar x2  
  200  27:14  Photon Cannon x2  
  200  27:16  Photon Cannon  
  200  27:18  Photon Cannon  
  200  27:19  Photon Cannon  
  191  27:57  Carrier  
  197  28:13  Oracle  
  197  28:14  Protoss Air Armor Level 1  
  200  28:23  Assimilator  
  200  28:28  Protoss Shields Level 2  
  191  28:48  Void Ray  
  191  28:51  Void Ray  
  192  29:40  Void Ray  
  200  29:55  Observer x2  
  198  30:29  Pylon  
  198  30:34  Pylon  
  198  30:35  Pylon  
  196  31:07  Void Ray  
  199  32:01  Observer x2  
  155  33:54  Archon  
  126  33:56  Stalker x8  
  126  33:57  Stalker x4  

Tags
 
Add a new tag
Caveats
  • Supply blocks, unpowered buildings, or Contaminate may cause inaccurate times.
  • Supply counts are checked every 10 seconds.